 Dungeon Crawl Stone Soup version 0.30-a0-830-gfe289a77b0 (webtiles) character file.

Game seed: 16987546752537884328

12252 Nacht the Destroyer (level 11, -6/68 HPs)
             Began as a Demonspawn Earth Elementalist on Mar 1, 2023.
             Was a Priest of Vehumet.
             Engulfed by a cloud of freezing vapour (27 damage)
             ... on level 10 of the Dungeon.
             The game lasted 00:15:29 (11305 turns).

Nacht the Destroyer (DsEE)                         Turns: 11305, Time: 00:15:30

Health: -6/68      AC:  7    Str:  9    XL:     11   Next: 60%
Magic:  19/23      EV: 18    Int: 27    God:    Vehumet [***...]
Gold:   610        SH:  4    Dex: 13    Spells: 17/27 levels left

rFire   + . .      SeeInvis .    g - staff of conjuration
rCold   . . .      Faith    .    s - +0 buckler {AC+3}
rNeg    . . .      Spirit   .    N - +1 robe {rF+}
rPois   .          Reflect  .    (no helmet)
rElec   .          Harm     .    (no cloak)
rCorr   .          Rampage  .    j - +0 pair of gloves
Will    .....                    (boots unavailable)
Stlth   +++                      n - amulet "Qoelur" {RegenMP Stlth+}
HPRegen 0.31/turn                c - +5 ring of evasion
MPRegen 0.58/turn                y - +6 ring of intelligence

@: no status effects
A: hooves 3, repulsion field 1, demonic guardian 1, foul stench 2
a: Renounce Religion


You were on level 10 of the Dungeon.
You worshipped Vehumet.
Vehumet was most pleased with you.
You visited 3 branches of the dungeon, and saw 12 of its levels.

You collected 610 gold pieces.

Inventory:

Hand Weapons
 d - a +3 dagger of speed
Missiles
 f - 16 poisoned darts
Armour
 j - a +0 pair of gloves (worn)
 s - a +0 buckler of protection (worn)
 N - a +1 robe of fire resistance (worn)
Magical Staves
 g - a staff of conjuration (weapon)
Jewellery
 c - a +5 ring of evasion (left hand)
 n - the amulet "Qoelur" (around neck) {RegenMP Stlth+}
   (You acquired it on level 9 of the Dungeon)

   [amulet of magic regeneration]

   It increases your rate of magic regeneration.
   Stlth:     It makes you more stealthy.
 y - a +6 ring of intelligence (right hand)
 A - an amulet of regeneration
 B - an amulet of guardian spirit
 D - a ring of resist corrosion
 H - a ring of wizardry
 L - a ring of poison resistance
 M - a ring of positive energy
 P - a +5 ring of evasion
Wands
 F - a wand of iceblast (24)
 J - a wand of paralysis (18)
 O - a wand of flame (29)
Scrolls
 h - 2 scrolls of magic mapping {unknown}
 i - 6 scrolls of teleportation {unknown}
 l - 3 scrolls of fog {unknown}
 m - 6 scrolls of noise {unknown}
 o - a scroll of vulnerability {unknown}
 p - a scroll of silence {unknown}
 r - a scroll of enchant armour {unknown}
 u - a scroll of immolation
 z - a scroll of amnesia
 E - a scroll of blinking
 G - a scroll of brand weapon {unknown}
Potions
 a - 4 potions of heal wounds
 b - a potion of magic
 e - 2 potions of brilliance
 k - 5 potions of curing
 q - a potion of resistance
 t - a potion of might
 v - 4 potions of degeneration {unknown}
 w - 2 potions of invisibility
 x - 3 potions of berserk rage {unknown}
 C - a potion of mutation
 I - 3 potions of attraction {unknown}
 K - a potion of ambrosia


   Skills:
 - Level 1.7 Dodging
 - Level 1.7 Stealth
 + Level 1.5 Shields
 + Level 8.5 Spellcasting
 + Level 9.7 Conjurations
 - Level 0.8 Transmutations
 + Level 8.3 Air Magic
 + Level 9.1 Earth Magic


You had 17 spell levels left.
You knew the following spells:

 Your Spells              Type           Power      Damage    Failure   Level
a - Stone Arrow           Conj/Erth      100%       3d13      1%          3
c - Freezing Cloud        Conj/Ice/Air   30%        6-21      4%          5
w - Passwall              Tmut/Erth      31%        N/A       1%          2

Your spell library contained the following spells:

 Spells                   Type           Power      Damage    Failure   Level
 Airstrike                Air            27%        2d(4-20)  1%          4
 Kiss of Death            Conj/Necr      100%       2d13      1%          1
 Sandblast                Erth           100%       2d20      1%          1
 Poisonous Vapours        Pois/Air       68%        N/A       1%          2
 Lee's Rapid Deconstruct  Erth           28%        3d15*     1%          5
 Scorch                   Fire           22%        2d6       2%          2
 Flame Wave               Conj/Fire      54%        2d13      2%          4
 Sting                    Tmut/Pois      52%        1d5       5%          1
 Necrotise                Necr           44%        1d6       7%          1
 Petrify                  Tmut/Erth      38%        N/A       9%          4
 Leda's Liquefaction      Hex/Erth       18%        N/A       10%         4
 Olgreb's Toxic Radiance  Pois           11%        N/A       17%         4
 Confusing Touch          Hex            11%        N/A       21%         3
 Vampiric Draining        Necr           11%        2d6       21%         3
 Dispel Undead            Necr           11%        3d9       54%         4
 Statue Form              Tmut/Erth      25%        N/A       78%         6
 Agony                    Necr           11%        N/A       88%         5
 Simulacrum               Ice/Necr       5%         N/A       100%        6
 Summon Cactus Giant      Summ           5%         N/A       100%        6
 Polar Vortex             Ice            5%         N/A       100%        9


Dungeon Overview and Level Annotations

Branches:
Dungeon (10/15)            Temple (1/1) D:5            Lair (1/5) D:8
    Orc (0/2) D:9

Altars:
Ashenzari
Cheibriados
Fedhas
Gozag
Hepliaklqana
Makhleb
Okawaru
Qazlal
Ru
Sif Muna
Trog
Uskayaw
Vehumet
Wu Jian
Yredelemnul

Shops:
D:4 *


Innate Abilities, Weirdness & Mutations

You have hooves in place of feet.
You are surrounded by a mild repulsion field. (EV +2)
A weak demonic guardian rushes to your aid.
You sometimes emit foul miasma when damaged in melee.


Message History

A killer bee comes into view.
Found a quarterstaff.
The killer bee buzzes angrily.
You hear an angry buzzing noise. x2
A killer bee comes into view.
Casting: Freezing Cloud (dangerous; 4% risk of failure)
Confirm with . or Enter, or press ? or * to list all spells.
Aiming: Freezing Cloud (dangerous; 4% risk of failure)
Press: ? - help, Dir - move target, f - killer bee
Aim: a killer bee You feel a surge of power!
The killer bee buzzes angrily.
You hear two shouts!
The killer bee is engulfed in freezing vapours. x2
A killer bee comes into view.
The killer bee is engulfed in freezing vapours. x4
You kill the killer bee!
Vehumet accepts your kill.
You feel your power returning. The killer bee misses you.
The killer bee stings you! The killer bee misses you.
Casting: Freezing Cloud (dangerous; 4% risk of failure)
Confirm with . or Enter, or press ? or * to list all spells.
Aiming: Freezing Cloud (dangerous; 4% risk of failure)
Press: ? - help, Dir - move target, p - killer bee You feel a surge of power!
That beam is likely to hit you.
Continue anyway?
You are engulfed in freezing vapours.
The killer bee is engulfed in freezing vapours.
You kill the killer bee!
Vehumet accepts your kill.
The killer bee is engulfed in freezing vapours. x2
You kill the killer bee!
Vehumet accepts your kill.
The killer bee is engulfed in freezing vapours.
You are engulfed in freezing vapours.
The killer bee is engulfed in freezing vapours.
You kill the killer bee!
Vehumet accepts your kill.
You feel your power returning.
You are engulfed in freezing vapours.
You die...

# #### ### P #. ###
#..######§##
.##.##.###.....##§§§#
........#......#@§§☼#
#......#.........§§##
#....#........##..#
##.............#....#
#.............###.....
#..............#........
###.............#..........
#.##.......................
...................##(.....


There were no monsters in sight!

Vanquished Creatures
  A two-headed ogre (D:8)
  Urug (D:10)
  Pikel (D:6)
  2 gargoyles
  An unseen horror (D:10)
  Maggie (D:6)
  A kobold demonologist (D:9)
  2 trolls
  Prince Ribbit (D:5)
  A hornet (D:9)
  A slime creature (D:7)
  3 wyverns
  Eustachio (D:6)
  13 yaks
  3 wargs (D:8)
  Menkaure (D:5)
  3 steam dragons
  A water moccasin (D:9)
  Duvessa (D:5)
  5 orc warriors
  3 black bears (D:6)
  A sky beast (D:6)
  An ogre (D:7)
  4 centaurs
  A lemure (D:6)
  6 phantoms
  A kobold brigand (D:9)
  2 bullfrogs
  A gnoll sergeant (D:8)
  A necrophage (D:5)
  Dowan (D:5)
  11 wights
  12 killer bees
  5 electric eels (D:6)
  2 howler monkeys
  5 hounds
  13 orc priests
  3 gnoll boudas
  2 iguanas (D:6)
  12 orc wizards
  6 adders
  24 gnolls
  A shadow imp (D:5)
  A white imp (D:7)
  4 worms (D:2)
  4 dart slugs
  37 orcs
  9 ball pythons
  7 bats
  5 endoplasms
  5 giant cockroaches
  12 hobgoblins
  2 kobolds (D:1)
  4 quokkas
  7 frilled lizards
  12 goblins
  9 rats
280 creatures vanquished.

Vanquished Creatures (others)
  An orc (D:6)
  3 plants (D:2)
4 creatures vanquished.

Grand Total: 284 creatures vanquished

Notes
Turn   | Place    | Note
-------+----------+-------------------------------------------
     0 | D:1      | Nacht the Demonspawn Earth Elementalist began the quest for
                  | the Orb.
     0 | D:1      | Reached XP level 1. HP: 13/13 MP: 3/3
   277 | D:1      | Gained mutation: You have large cloven feet. [demonic
                  | ancestry]
   277 | D:1      | Reached XP level 2. HP: 19/19 MP: 3/5
   542 | D:1      | Learned a level 2 spell: Passwall
  1025 | D:1      | Found a faded altar of an unknown god.
  1037 | D:1      | Reached XP level 3. HP: 24/24 MP: 4/6
  1297 | D:2      | Identified the +7 short sword of Dust {freeze, Str+3}
  1463 | D:3      | Learned a level 3 spell: Stone Arrow
  1591 | D:3      | Reached skill level 1 in Conjurations
  1886 | D:3      | Found a shimmering blue altar of Sif Muna.
  2176 | D:2      | Reached XP level 4. HP: 30/30 MP: 3/7
  2296 | D:2      | HP: 1/30 [poisoned by a gnoll bouda]
  2723 | D:2      | Gained mutation: You may rarely emit foul miasma when
                  | damaged in melee. [demonic ancestry]
  2723 | D:2      | Reached XP level 5. HP: 29/35 MP: 2/8
  3332 | D:4      | Found Saroutzo's Assorted Antiques.
  3468 | D:4      | Reached XP level 6. HP: 36/41 MP: 5/10
  3706 | D:4      | Found an ornate altar of the Wu Jian Council.
  3706 | D:4      | Found a broken altar of Ashenzari.
  3713 | D:4      | Found a blossoming altar of Fedhas.
  3715 | D:4      | Found a hazy altar of Hepliaklqana.
  3992 | D:5      | Entered Level 5 of the Dungeon
  4046 | D:5      | Found a snail-covered altar of Cheibriados.
  4046 | D:5      | Found a stormy altar of Qazlal.
  4066 | D:5      | Noticed Menkaure
  4110 | D:5      | Gained mutation: You sometimes emit foul miasma when
                  | damaged in melee. [demonic ancestry]
  4110 | D:5      | Reached XP level 7. HP: 46/46 MP: 1/12
  4273 | D:5      | Killed Menkaure
  4274 | D:5      | Reached skill level 5 in Earth Magic
  4325 | D:5      | Reached skill level 5 in Conjurations
  4648 | D:5      | Noticed Duvessa
  4648 | D:5      | Noticed Dowan
  4659 | D:5      | Killed Duvessa
  4685 | D:5      | Killed Dowan
  4846 | D:5      | Gained mutation: A weak demonic guardian rushes to your
                  | aid. [demonic ancestry]
  4846 | D:5      | Reached XP level 8. HP: 44/52 MP: 6/14
  4902 | D:5      | Found a staircase to the Ecumenical Temple.
  4921 | Temple   | Entered the Ecumenical Temple
  4955 | Temple   | Became a worshipper of Vehumet
  4981 | D:5      | Learned a level 5 spell: Freezing Cloud
  5328 | D:5      | Reached skill level 1 in Air Magic
  5377 | D:5      | Noticed Prince Ribbit
  5388 | D:5      | Killed Prince Ribbit
  5389 | D:5      | Reached skill level 5 in Spellcasting
  5963 | D:6      | Noticed a gargoyle
  5969 | D:6      | Killed a gargoyle
  5970 | D:6      | Gained mutation: You have hoof-like feet. [demonic
                  | ancestry]
  5970 | D:6      | Reached XP level 9. HP: 47/57 MP: 4/17
  6276 | D:6      | Reached * piety under Vehumet
  6276 | D:6      | Offered knowledge of Freeze by Vehumet.
  6563 | D:6      | Noticed Maggie
  6570 | D:6      | Killed Maggie
  6571 | D:6      | Reached skill level 5 in Air Magic
  6597 | D:6      | Noticed Eustachio
  6646 | D:6      | Killed Eustachio
  6784 | D:6      | Noticed Pikel
  6790 | D:6      | Killed Pikel
  7200 | D:7      | Gained mutation: You are surrounded by a mild repulsion
                  | field. (EV +2) [demonic ancestry]
  7200 | D:7      | Reached XP level 10. HP: 56/63 MP: 12/19
  7388 | D:7      | Identified the +1 robe of Xom's Favour {-Tele Rampage
                  | Str+2}
  7396 | D:7      | Noticed a gargoyle
  7411 | D:7      | Killed a gargoyle
  8062 | D:8      | Reached ** piety under Vehumet
  8062 | D:8      | Offered knowledge of Magic Dart by Vehumet.
  8115 | D:8      | Noticed a two-headed ogre
  8119 | D:8      | Killed a two-headed ogre
  8577 | D:8      | Found a staircase to the Lair.
  8969 | D:8      | Offered knowledge of Kindle Blastsparks by Vehumet.
  9360 | Lair:1   | Entered Level 1 of the Lair of Beasts
  9428 | D:9      | Gained mutation: You have hooves in place of feet. [demonic
                  | ancestry]
  9428 | D:9      | Reached XP level 11. HP: 64/68 MP: 13/22
  9572 | D:9      | Noticed a sun demon
  9590 | D:9      | Found a staircase to the Orcish Mines.
  9600 | D:9      | Noticed a green ugly thing
  9759 | D:9      | Reached *** piety under Vehumet
 10403 | D:9      | Found an iron altar of Okawaru.
 10502 | D:9      | Offered knowledge of Airstrike by Vehumet.
 11013 | D:9      | Identified 2 scrolls of acquirement
 11013 | D:9      | Acquired the amulet "Qoelur" {RegenMP Stlth+}
 11025 | D:9      | Acquired a +0 buckler of protection
 11066 | D:10     | Entered Level 10 of the Dungeon
 11123 | D:10     | Noticed Urug
 11134 | D:10     | Killed Urug
 11135 | D:10     | Reached skill level 1 in Shields
 11305 | D:10     | Engulfed by a cloud of freezing vapour

Illustrated notes

Levels and vault maps discovered:
D:1:      dpeg_arrival_renting, layout_loops_corners,
          hellmonk_ecumenical_altar_prayer_group, minmay_crystal_room,
          minmay_tree_intersection, amcnicky_mini_pool_small
D:2:      cheibrodos_old_hovel, layout_basic, minmay_increasing_density
D:3:      layout_basic, mainiacjoe_overflow_boulevard, wad_floor_pattern_2
D:4:      layout_basic, grunt_temple_overflow_open, serial_shops,
          nicolae_shop_competitors_out_of_business, st_stairs_3,
          cheibrodos_gnoll_hut
D:5:      layout_loops_ring, mainiacjoe_overflow_divided_tiny,
          minmay_temple_entry_glass, uniq_duvessa, uniq_menkaure,
          uniq_prince_ribbit1
D:6:      layout_rooms, kennysheep_boxes, uniq_pikel, uniq_eustachio,
          uniq_maggie
D:7:      layout_rooms, kb_rosetta
D:8:      layout_loops_corners, erik_lair_orcish_takeover
D:9:      hangedman_cross_stitches, layout_long_grid, okawaru_gym_becter,
          david_orc_3, enter_bailey_3
D:10:     layout_cave_pools, serial_bayou_lake_a, uniq_nergalle, uniq_urug,
          uniq_gastronok
Temple:   compressed_dpeg_circular_temple
Lair:1:   layout_regular_city

Skill      XL: |  1  2  3  4  5  6  7  8  9 10 11 |
---------------+----------------------------------+-----
Earth Magic    | 3 4 5 6 7 8 9 |  9.1
Conjurations   | 1 2 3 4 5 6 7 8 9 |  9.7
Spellcasting   | 3 4 5 6 7 8 |  8.5
Air Magic      | 4 6 7 8 |  8.3
Shields        | 1 |  1.5
Dodging        | |  1.7
Stealth        | |  1.7
Transmutations | |  0.8

Action                     |  1- 3 |  4- 6 |  7- 9 | 10-12 || total
---------------------------+-------+-------+-------+-------++-------
  Melee: Staff             |     6 |    19 |    34 |     2 ||    61
         Kick              |     2 |       |       |       ||     2
   Cast: Sandblast         |    70 |    89 |    99 |    87 ||   345
         Stone Arrow       |       |       |    56 |   115 ||   171
         Freezing Cloud    |       |       |       |     6 ||     6
    Use: Potion            |       |     1 |       |     3 ||     4
         Scroll            |       |       |     6 |     8 ||    14
 Armour: Robe              |     8 |    14 |    13 |     8 ||    43
  Dodge: Dodged            |    40 |    97 |    95 |   138 ||   370
  Block: Buckler           |       |       |       |     1 ||     1

Table legend: (Time is in decaauts)
 A = Elapsed time spent in this place.
 B = Non-inter-level travel time spent in this place.
 C = Inter-level travel time spent in this place.
 D = Time resting spent in this place.
 E = Time spent auto-exploring this place.
 F = Levels seen in this place.
 G = Mean time per level.
                   A        B        C        D        E       F      G
               +--------+--------+--------+--------+--------+-----+--------+
         Total |  11501 |  11203 |    298 |      0 |   9183 |  12 |  958.4 |
       Dungeon |  11450 |  11165 |    285 |      0 |   9164 |  10 | 1145.0 |
        Temple |     48 |     35 |     13 |      0 |     19 |   1 |   48.0 |
          Lair |      1 |      1 |      0 |      0 |      0 |   1 |    1.0 |
               +--------+--------+--------+--------+--------+-----+--------+

Top non-repeatable levels by time:
     D:6: 1681 daAuts
     D:9: 1560 daAuts
     D:8: 1497 daAuts
     D:5: 1461 daAuts
     D:1: 1331 daAuts
     D:2: 1098 daAuts
     D:7: 903 daAuts
     D:4: 859 daAuts
     D:3: 819 daAuts
    D:10: 237 daAuts
  Temple: 48 daAuts
  Lair:1: 1 daAuts
